 Dungeon Crawl Stone Soup version 0.16-a0-3911-g06eb01e (webtiles) character file.

487 timbw the Chopper (level 7, -6/52 HPs)
             Began as a Human Fighter on Feb 4, 2015.
             Mangled by Niwkomocerch the merfolk
             ... wielding a +2 trident of flaming
             ... created by the player character
              (10 damage)
             ... on level 6 of the Dungeon.
             The game lasted 00:08:04 (1721 turns).

timbw the Chopper (Human Fighter)                   Turns: 1721, Time: 00:08:04

Health: -6/52      AC: 12    Str: 20    XL:     7   Next: 36%
Magic:  12/12      EV:  3    Int:  7    God:
Gold:   30         SH:  9    Dex: 12    Spells: 0 memorised, 6 levels left

rFire  . . .     SeeInvis .     a - +0 war axe
rCold  . . .     Clarity  .     v - +0 plate armour
rNeg   . . .     SustAb   .     c - +0 shield
rPois  .         Gourm    .     (no helmet)
rElec  .         Spirit   .     t - +0 cloak
rCorr  .         Warding  .     (no gloves)
rMut   .         Stasis   .     (no boots)
MR     .....                    (no amulet)
Stlth  ..........               (no ring)
                                (no ring)

@: not resistant to hostile enchantments, extremely unstealthy
A: no striking features
a: no special abilities


You were on level 6 of the Dungeon.
You were near starving.

You visited 1 branch of the dungeon, and saw 6 of its levels.

You collected 84 gold pieces.

Inventory:

Hand weapons
 a - a +0 war axe (weapon)
Armour
 b - a +0 scale mail
 c - a +0 shield (worn)
 t - a +0 cloak (worn)
 v - a +0 plate armour (worn)
Rods
 m - a +2 rod of clouds (13/13)
   (You found it on level 5 of the Dungeon)
Magical devices
 r - a wand of draining (10)
Scrolls
 f - a scroll of amnesia
 n - a scroll of recharging
Potions
 e - a potion of might
 i - a potion of magic
 k - a potion of brilliance
 p - a potion of mutation {unknown}
 q - a potion of resistance {unknown}
Miscellaneous
 u - a legendary deck of wonders {drawn: 9}
Comestibles
 d - 3 bread rations
 g - a beef jerky
 j - 2 meat rations


   Skills:
 - Level 3.0 Fighting
 + Level 6.1 Axes
 - Level 3.0 Armour
 - Level 3.0 Shields
 + Level 4.5 Evocations


You had 6 spell levels left.
You didn't know any spells.

Dungeon Overview and Level Annotations

Branches:
Dungeon (6/15)
 Temple: D:4-7

Altars:
Kikubaaqudgha
Nemelex Xobeh

Annotations:
D:4 timbw's ghost, average HEIE
D:5 timbw's ghost, experienced HuGl
D:6 Blork the orc


Message History

Read which item? (? for menu, Esc to quit)
As you read the scroll labeled KURAFY CHEM, it crumbles to dust.
You feel as if something is helping you.
It was a scroll of remove curse.
Blork the orc screams, "I'll break your legs!"
Blork the orc barely misses you.
Read which item? (? for menu, Esc to quit)
As you read the scroll labeled PIUNAK GUMMACHA, it crumbles to dust.
It is a scroll of identify.
Identify which item? (\ to view known items) (? for menu, Esc to quit)
k - a potion of brilliance Niwkomocerch hits you from afar with a trident of flaming.
* * * LOW HITPOINT WARNING * * *
Niwkomocerch burns you.
* * * LOW HITPOINT WARNING * * *
Blork the orc hits you but does no damage.
Drink which item? (? for menu, Esc to quit)
It was a potion of cancellation.
You feel magically purged.
Niwkomocerch hits you from afar with a trident of flaming!
You die...

**,,,,,,,,,,* #.# #.#
**,,********** #.# #.#
**,,,,,,,,,,,* #.# #.#
,*,,,,,,,,,,,* #.# #.#
,,,,,,,,,,,,,* #.# #.#
,,,*********** #.# #.# ,,,,,*
#m# #.# *,,*,***#########.#
#.# *,,,,*,,......Ko@.# #†#
*,,,,*,*########### #.#
*,,,,*,* #.# *,,,,*,* #.#
*,,,,*,* #.# *,,>,*,* #.#
*,*,,,,* #.#
*,*,,#####################.##
,,*,,#.............m........#


You could see Niwkomocerch the merfolk, Blork the orc and a kobold.

Vanquished Creatures
  A sky beast (D:5)
  A centaur (D:5)
  A hound (D:6)
  An orc priest (D:6)
  A centaur skeleton (D:5)
  An orc wizard (D:6)
  Natasha (D:6)
  An iguana (D:6)
  2 worker ants (D:5)
  A hound skeleton (D:5)
  5 adders
  A worm (D:3)
  An adder zombie (D:5)
  2 giant geckos
  10 orcs
  3 giant cockroaches
  4 hobgoblins
  2 jackals (D:5)
  3 bats
  A goblin (D:1)
  A kobold (D:1)
  A quokka (D:6)
  2 rats
47 creatures vanquished.

Vanquished Creatures (others)
  A plant (D:6)
1 creature vanquished.

Grand Total: 48 creatures vanquished

Notes
Turn   | Place    | Note
--------------------------------------------------------------
     0 | D:1      | timbw, the Human Fighter, began the quest for the Orb.
     0 | D:1      | Reached XP level 1. HP: 18/18 MP: 1/1
    73 | D:2      | Reached XP level 2. HP: 24/24 MP: 2/2
   124 | D:3      | Reached XP level 3. HP: 15/29 MP: 3/3
   306 | D:3      | Found a sparkling altar of Nemelex Xobeh.
   307 | D:3      | Found an ancient bone altar of Kikubaaqudgha.
   413 | D:3      | Reached XP level 4. HP: 31/35 MP: 4/4
   429 | D:3      | Reached skill level 4 in Axes
   512 | D:4      | Noticed timbw's ghost (average HEIE)
   522 | D:5      | Entered Level 5 of the Dungeon
   531 | D:5      | Identified a +2 rod of clouds (13/13) (You found it on level 5 of the Dungeon)
   574 | D:5      | Noticed timbw's ghost (experienced HuGl)
   712 | D:3      | You fall through a shaft!
   891 | D:5      | Noticed a centaur
   910 | D:5      | HP: 1/35 [centaur (4)]
   913 | D:5      | Killed a centaur
   913 | D:5      | Reached XP level 5. HP: 16/41 MP: 4/6
   934 | D:5      | Noticed a sky beast
  1091 | D:5      | Killed a sky beast
  1091 | D:5      | Reached skill level 5 in Axes
  1091 | D:5      | Reached XP level 6. HP: 45/47 MP: 7/9
  1363 | D:6      | Noticed an orc warrior
  1363 | D:6      | Noticed a giant frog
  1499 | D:6      | Reached XP level 7. HP: 50/52 MP: 9/11
  1517 | D:6      | Noticed Natasha
  1542 | D:6      | Killed Natasha
  1557 | D:6      | Reached skill level 6 in Axes
  1600 | D:6      | Drew Focus: Str increased to 20, Int decreased to 7
  1601 | D:6      | Noticed Niwkomocerch
  1715 | D:6      | Noticed Blork the orc
  1721 | D:6      | Mangled by Niwkomocerch the merfolk

Action                   |  1- 3 |  4- 6 |  7- 9 || total
-------------------------+-------+-------+-------++-------
Melee: War axe           |    86 |    80 |    26 ||   192
Evoke: Rod               |       |     5 |     2 ||     7
       Deck              |       |       |     9 ||     9
  Use: Potion            |       |     3 |     1 ||     4
       Scroll            |       |     2 |     4 ||     6
 Stab: Confused          |       |     1 |     1 ||     2
  Eat: Chunk             |       |     5 |       ||     5
